cohdb
Replays
Latest Replays
All Replays
Popular Replays
Top Player Replays
Match Explorer
How It Works
Community
CoH3 Stats
Reddit
Sign in to upload your games and track your stats! →
Sign in with Steam
Match 45996438
Unlisted
Match 45996438
Overview
Messages
Build Orders
End
Construct Infanterie Kompanie
Selects Breakthrough Battlegroup
Selects Assault Grenadiers
MG 42 Machine Gun Team
Grenadier Squad
GrW 34 Mortar Team
Grenadier Squad
Infanterie Officer Quarters
Selects Breakthrough
MG 42 Machine Gun Team
Construct Luftwaffe Kompanie
Jäger Squad
Jäger Squad
Luftwaffe Officer Quarters
Medical Station
Jäger Squad
Construct Panzer Kompanie
Jäger Squad
Panzer IV Medium Tank
Selects 2.5-tonne Cargo Truck
Selects Blitzkrieg
Panzer IV Medium Tank
Panzer Officer Quarters
Lazer Cut
kesapo
Max1boy
gb_gbg
0
0
Comments
sign in to comment!
No comments posted yet!